 Dungeon Crawl Stone Soup version 0.28-a0-249-g9004c80361 (webtiles) character file.

Game seed: 14754883457980221925

12313 PentaManta the Grappler (level 11, -10/101 HPs)
             Began as a Ghoul Abyssal Knight on Aug 26, 2021.
             Was a High Priest of Lugonu.
             Shot with an arrow by a centaur warrior (19 damage)
             ... on level 11 of the Dungeon.
             The game lasted 00:27:27 (9985 turns).

PentaManta the Grappler (Ghoul Abyssal Knight)      Turns: 9985, Time: 00:27:27

Health: -10/101    AC: 17    Str: 23    XL:     11   Next: 91%
Magic:  16/16      EV:  8    Int: 10    God:    Lugonu [*****.]
Gold:   348        SH:  0    Dex: 15    Spells: 10/10 levels left

rFire   . . .      SeeInvis .     - Unarmed
rCold   + . .      Faith    .   (no shield)
rNeg    + + +      Spirit   .   v - +4 chain mail of Disiokh {Str-3 Dex+7}
rPois   ∞          Reflect  .   y - +1 hat {Int+3}
rElec   .          Harm     .   (no cloak)
rCorr   .          Rampage  .   (no gloves)
Will    +....                   e - +0 pair of boots
Stlth   ..........              b - amulet of regeneration
HPRegen 0.00/turn               n - +6 ring of strength
MPRegen 0.15/turn               D - ring of willpower

@: inhibited regen
A: claws 1, cold resistance 1, negative energy resistance 3, inhibited
regeneration, torment resistance 2
a: Renounce Religion, Depart the Abyss, Bend Space, Banish, Corrupt, Enter the
Abyss


You were on level 11 of the Dungeon.
You worshipped Lugonu.
Lugonu was extremely pleased with you.
You visited 1 branch of the dungeon, and saw 11 of its levels.
You visited the Abyss 1 time.
You also visited: Sewer.

You collected 624 gold pieces.
You spent 276 gold pieces at shops.

Inventory:

Hand Weapons
 i - a +2 dagger of venom
Missiles
 a - a throwing net
 k - 60 poisoned darts
 p - 9 boomerangs
 t - a curare-tipped dart
Armour
 e - a +0 pair of boots (worn)
 m - a +4 scale mail of fire resistance
 v - the +4 chain mail of Disiokh (worn) {Str-3 Dex+7}
   (You found it on level 7 of the Dungeon)

   Str:       It affects your strength (-3).
   Dex:       It affects your dexterity (+7).
 y - a +1 hat of intelligence (worn)
 E - the +0 chain mail "Jues" {rElec rC+}
   (You found it on level 7 of the Dungeon)

   rC:        It protects you from cold.
   rElec:     It insulates you from electricity.
 H - a scarf of shadows
 K - a +0 plate armour
Jewellery
 b - an amulet of regeneration (around neck)
 d - a +6 ring of dexterity
 n - a +6 ring of strength (left claw)
 D - a ring of willpower (right claw)
Wands
 u - a wand of iceblast (6) (quivered)
 z - a wand of charming (8)
 A - a wand of acid (15)
 B - a wand of paralysis (2)
 I - a wand of flame (15)
Scrolls
 g - a scroll of fear
 j - 4 scrolls of enchant armour
 l - 2 scrolls of teleportation
 r - a scroll of fog
 w - a scroll of silence
 F - a scroll of enchant weapon
 L - a scroll of identify
Potions
 c - a potion of flight {unknown}
 f - 2 potions of might
 h - 2 potions of brilliance
 o - a potion of magic {unknown}
 q - 2 potions of heal wounds
 s - 3 potions of resistance
 x - 4 potions of haste
 C - a potion of attraction {unknown}
 G - 3 potions of curing
 J - a potion of invisibility


   Skills:
 * Level 10.5 Fighting
 * Level 8.6 Armour
 - Level 0.8 Dodging
 + Level 12.0 Unarmed Combat
 - Level 9.0 Invocations


You had 10 spell levels left.
You didn't know any spells.
Your spell library contained the following spells:

 Spells                   Type           Power      Damage    Failure   Level
 Cause Fear               Hex            0%         N/A       100%        4
 Fireball                 Conj/Fire      0%         3d3       100%        5
 Starburst                Conj/Fire      0%         6d3       100%        6
 Ignition                 Fire           0%         3d3       100%        8
 Dragon's Call            Summ           0%         N/A       100%        9
 Dragon Form              Tmut           Unusable   N/A       N/A         7

Dungeon Overview and Level Annotations

Branches:
Dungeon (11/15)            Temple (0/1) D:4           Sewer (visited)
   Lair: D:8-11         Orc: D:9-12

Altars:
Elyvilon
Fedhas
Hepliaklqana
Makhleb
Okawaru
Qazlal
Ru
Sif Muna
Trog
Vehumet
Yredelemnul
Zin
The Shining One

Shops:
D:4 (   D:10 !

Annotations:
D:3 exclusion: moth of wrath
D:6 1 exclusion


Innate Abilities, Weirdness & Mutations

You thrive by killing the living.
You are immune to poison.
You have sharp fingernails.
Your flesh is cold resistant. (rC+)
You are immune to negative energy. (rN+++)
You do not regenerate when monsters are visible.
You are immune to unholy pain and torment.


Message History

The five-headed hydra bites you. The five-headed hydra bites you!
You claw the five-headed hydra!
The five-headed hydra is severely wounded.
The five-headed hydra bites you.
The five-headed hydra bites you but does no damage.
The five-headed hydra barely misses you.
The five-headed hydra bites you!
The five-headed hydra bites you but does no damage.
You barely miss the five-headed hydra.
The five-headed hydra is severely wounded.
Unknown command.
You claw the five-headed hydra!
The five-headed hydra is severely wounded.
The five-headed hydra bites you but does no damage.
The five-headed hydra bites you.
The five-headed hydra bites you but does no damage.
The five-headed hydra bites you! The five-headed hydra bites you.
You claw the five-headed hydra!
The five-headed hydra is almost dead.
The five-headed hydra bites you.
The five-headed hydra bites you but does no damage. x2
The five-headed hydra bites you!
* * * LOW HITPOINT WARNING * * *
The five-headed hydra bites you.
* * * LOW HITPOINT WARNING * * *
You claw the five-headed hydra!
You kill the five-headed hydra!
Lugonu accepts your kill.
Your Unarmed Combat skill increases to level 12!
Unknown command.
You now have 348 gold pieces (gained 12).
A shadow comes into view.
The centaur warrior shoots an arrow.
The arrow hits you but does no damage.
You hear the loud crackling of a very distant melting archway.
The centaur warrior shoots an arrow.
The arrow hits you.
* * * LOW HITPOINT WARNING * * *
The centaur warrior shoots an arrow.
The arrow hits you!
* * * LOW HITPOINT WARNING * * *
The centaur warrior shoots an arrow.
The arrow hits you!!
You die...

# #.# #. .. # #.# #. .#.# ###'##
#. .#.# ##...## #. ##.#.#####.
### #.....## #.###..#.#.. .. ..#
.......## #.#.#.##.#.# #. #..#
........###.....##.#.###.#...###
........+......................
........####....@W...## .....#
.......## #..#.###..####.#..#
#.....## #.##.# #..........#
##...## #.##.# #.#####D####
##'## #.##.###.# #.# #.#
#...c....# #.# #.# ####.#####
#.# ##.## #.# #.. ##...## #.#
.D#


You could see a centaur warrior and a shadow.

Vanquished Creatures
  Gastronok (D:9)
  A boulder beetle (D:10)
  A hydra (D:11)
  3 two-headed ogres
  A cyclops (D:7)
  An unseen horror (D:11)
  A kobold demonologist (D:10)
  2 trolls (D:10)
  A hornet (D:10)
  A vampire (D:10)
  6 yaks (D:10)
  2 wraiths (D:10)
  2 wyverns
  A steam dragon (D:6)
  2 water moccasins (D:8)
  Duvessa (D:7)
  2 ice beasts
  2 orc warriors
  An ogre (D:4)
  A centaur (D:9)
  6 kobold brigands (Sewer)
  3 bullfrogs
  2 gnoll sergeants
  A wyvern zombie (D:6)
  2 scorpions (D:5)
  Dowan (D:7)
  A wyvern skeleton (D:6)
  A water moccasin skeleton (D:6)
  8 killer bees (D:10)
  7 wights (D:8)
  4 howler monkeys
  A bullfrog zombie (D:4)
  2 centaur zombies (D:9)
  5 jellies
  5 orc priests
  3 hounds
  A bullfrog skeleton (D:4)
  A gnoll shaman (D:6)
  Terence (D:2)
  3 iguanas
  Natasha (thrice) (D:4)
  10 orc wizards
  A hound skeleton (D:5)
  19 gnolls
  13 adders
  3 river rats
  A white imp (D:6)
  8 worms
  A dart slug (D:3)
  29 orcs
  6 ball pythons
  4 bats
  4 endoplasms
  2 giant cockroaches
  2 goblins
  6 hobgoblins
  13 kobolds
  4 quokkas
  3 frilled lizards (D:1)
  16 rats
239 creatures vanquished.

Vanquished Creatures (others)
  An orc (D:6)
  8 fungi (D:11)
  16 plants (D:11)
25 creatures vanquished.

Grand Total: 264 creatures vanquished

Notes
Turn   | Place    | Note
-------+----------+-------------------------------------------
     0 | Abyss:1  | PentaManta the Ghoul Abyssal Knight began the quest for the
                  | Orb.
     0 | Abyss:1  | Reached XP level 1. HP: 19/19 MP: 1/1
    37 | Abyss:2  | Found a corrupted altar of Lugonu.
    43 | Abyss:3  | Noticed an air elemental
    44 | Abyss:3  | Paralysed by an air elemental for 1 turns
    45 | D:1      | Escaped the Abyss
   321 | D:1      | Reached XP level 2. HP: 26/26 MP: 2/2
   348 | D:1      | Reached skill level 3 in Unarmed Combat
   475 | D:1      | Reached * piety under Lugonu
   776 | D:1      | Reached XP level 3. HP: 31/31 MP: 3/3
   785 | D:2      | Reached skill level 4 in Unarmed Combat
  1092 | D:2      | Noticed Terence
  1105 | D:2      | Reached XP level 4. HP: 38/38 MP: 4/4
  1118 | D:2      | Killed Terence
  1119 | D:2      | Reached skill level 5 in Unarmed Combat
  1200 | D:2      | Reached XP level 5. HP: 45/45 MP: 5/5
  1505 | D:2      | Reached skill level 6 in Unarmed Combat
  1968 | D:3      | Found a burning altar of Makhleb.
  1986 | D:3      | Noticed a moth of wrath
  1989 | D:3      | Found a bloodstained altar of Trog.
  2016 | D:3      | Reached ** piety under Lugonu
  2178 | D:4      | Found a shimmering blue altar of Sif Muna.
  2262 | D:4      | Reached XP level 6. HP: 51/51 MP: 6/6
  2270 | D:4      | Found a staircase to the Ecumenical Temple.
  2347 | D:3      | Reached skill level 7 in Unarmed Combat
  2513 | D:4      | Noticed Natasha
  2521 | D:4      | Killed Natasha
  2551 | D:4      | Found Gamejyakh's Antique Weapon Shop.
  2610 | D:4      | Noticed Natasha
  2616 | D:4      | Killed Natasha
  2621 | D:4      | Reached skill level 8 in Unarmed Combat
  2621 | D:4      | Reached XP level 7. HP: 30/57 MP: 7/7
  2645 | D:4      | Noticed Natasha
  2654 | D:4      | Killed Natasha
  2900 | D:5      | Entered Level 5 of the Dungeon
  2971 | D:6      | Noticed a steam dragon
  2989 | D:6      | Killed a steam dragon
  2990 | D:6      | Reached skill level 9 in Unarmed Combat
  2998 | D:6      | Reached XP level 8. HP: 19/63 MP: 8/8
  3207 | D:5      | Reached skill level 10 in Unarmed Combat
  3417 | D:5      | Reached *** piety under Lugonu
  3420 | D:5      | Found a glowing drain.
  3511 | Sewer    | Entered a sewer
  4412 | D:5      | Reached skill level 5 in Fighting
  4537 | D:5      | Reached XP level 9. HP: 73/74 MP: 11/11
  4800 | D:6      | Reached **** piety under Lugonu
  5468 | D:6      | Reached skill level 5 in Invocations
  5676 | D:7      | Noticed Duvessa
  5676 | D:7      | Noticed Dowan
  5692 | D:7      | Killed Duvessa
  5707 | D:7      | Killed Dowan
  5710 | D:7      | Identified the +4 chain mail of Disiokh {Str-3 Dex+7}
  5997 | D:7      | Noticed a cyclops
  6024 | D:7      | Killed a cyclops
  6265 | D:7      | You fall into a shaft and drop 1 floor!
  6277 | D:8      | Reached skill level 5 in Armour
  6293 | D:8      | Noticed a two-headed ogre
  6304 | D:8      | Killed a two-headed ogre
  6305 | D:8      | Reached XP level 10. HP: 81/86 MP: 12/14
  6346 | D:9      | Noticed Gastronok
  6452 | D:7      | Identified the +0 chain mail "Jues" {rElec rC+}
  6948 | D:8      | Reached skill level 11 in Unarmed Combat
  7184 | D:8      | Noticed a two-headed ogre
  7190 | D:8      | Killed a two-headed ogre
  7395 | D:9      | Found a basalt altar of Yredelemnul.
  7571 | D:9      | Noticed a two-headed ogre
  7576 | D:9      | Killed a two-headed ogre
  7576 | D:9      | Reached ***** piety under Lugonu
  7622 | D:9      | Killed Gastronok
  7623 | D:9      | Reached XP level 11. HP: 38/97 MP: 16/16
  8117 | D:10     | Entered Level 10 of the Dungeon
  8143 | D:10     | Found Kihi's Distillery.
  8146 | D:10     | Bought a potion of haste for 120 gold pieces
  8146 | D:10     | Bought a potion of heal wounds for 60 gold pieces
  8146 | D:10     | Bought a potion of invisibility for 96 gold pieces
  9169 | D:10     | Found a radiant altar of Vehumet.
  9176 | D:10     | Found a stormy altar of Qazlal.
  9182 | D:10     | Found a hazy altar of Hepliaklqana.
  9192 | D:10     | Found a sacrificial altar of Ru.
  9206 | D:10     | Found an iron altar of Okawaru.
  9213 | D:10     | Found a blossoming altar of Fedhas.
  9417 | D:11     | Noticed a boulder beetle
  9450 | D:10     | Killed a boulder beetle
  9451 | D:10     | Reached skill level 10 in Fighting
  9690 | D:11     | Noticed a centaur warrior
  9690 | D:11     | Noticed a boulder beetle
  9690 | D:11     | Noticed a centaur warrior
  9698 | D:11     | Noticed a centaur warrior
  9698 | D:11     | Noticed a deep elf pyromancer
  9699 | D:11     | Noticed a tengu warrior
  9699 | D:11     | Noticed a deep elf pyromancer
  9699 | D:11     | Noticed a five-headed hydra
  9978 | D:11     | Killed a five-headed hydra
  9979 | D:11     | Reached skill level 12 in Unarmed Combat
  9985 | D:11     | Shot with an arrow by a centaur warrior

Illustrated notes

Levels and vault maps discovered:
D:1:      dpeg_arrival_tiny_k, layout_loops_cross
D:2:      layout_basic, uniq_terence
D:3:      layout_basic, tgw_trog, bloody_makhleb
D:4:      layout_cave_pools, nicolae_sif_muna_condensation, temple_fountains,
          serial_column_ruins, column_ruins_hut, column_ruins_grid_1,
          column_ruins_columns_corner, column_ruins_corridor_water,
          column_ruins_grid_1, column_ruins_grid_2, column_ruins_grid_2,
          serial_shops, kennysheep_mini_moat, uniq_natasha
D:5:      layout_basic, portal_sewer_entry_e, kennysheep_potato
D:6:      layout_loops_ring, zin_scriptorium
D:7:      layout_loops_corners, uniq_duvessa
D:8:      layout_basic
D:9:      layout_loops_cross, yredelemnul_altar_generic, uniq_gastronok
D:10:     layout_long_grid, elyvilon_altar_1, grunt_temple_overflow_octagram,
          serial_shops, nicolae_stop_n_shop_2, feat_on_display
D:11:     minmay_the_grid_triangle_9x9_recursive_2
          [minmay_the_grid_triangle_9x9_prize_center,
          minmay_the_grid_triangle_9x9_skeleton,
          minmay_the_grid_triangle_9x9_corrupted_corridor,
          minmay_the_grid_triangle_9x9_subtriangle], layout_loops_corners,
          grunt_lair_entry_orc_guard_hut, portal_ice_cave_demonic_guard

Skill      XL: |  1  2  3  4  5  6  7  8  9 10 11 |
---------------+----------------------------------+-----
Unarmed Combat | 3 4 5 6 8 9 10 11 12 | 12.0
Armour         | 3 5 7 8 |  8.6
Fighting       | 5 7 9 10 | 10.5
Invocations    | 4 6 8 9 |  9.0
Dodging        | |  0.8

Action                   |  1- 3 |  4- 6 |  7- 9 | 10-12 || total
-------------------------+-------+-------+-------+-------++-------
Melee: Unarmed           |    78 |   173 |   361 |   314 ||   926
       Punch             |     1 |     1 |     9 |    19 ||    30
       Dagger            |       |       |       |     5 ||     5
Throw: Boomerang         |       |     1 |       |       ||     1
Invok: Depart the Abyss  |     1 |       |       |       ||     1
       Bend Space        |       |       |     3 |     1 ||     4
Evoke: Wand              |       |       |     1 |     8 ||     9
  Use: Scroll            |     1 |     2 |    12 |     3 ||    18
       Potion            |       |       |     4 |       ||     4
 Stab: Paralysed         |       |       |     5 |     3 ||     8
Armor: Leather armour    |     6 |       |       |       ||     6
       Ring mail         |    20 |     2 |       |       ||    22
       Scale mail        |       |    62 |   122 |       ||   184
       Chain mail        |       |       |    25 |   208 ||   233
Dodge: Dodged            |    40 |    81 |   186 |   116 ||   423

Table legend: (Time is in decaauts)
 A = Elapsed time spent in this place.
 B = Non-inter-level travel time spent in this place.
 C = Inter-level travel time spent in this place.
 D = Time resting spent in this place.
 E = Time spent auto-exploring this place.
 F = Levels seen in this place.
 G = Mean time per level.
                   A        B        C        D        E       F      G
               +--------+--------+--------+--------+--------+-----+--------+
         Total |  10010 |   9570 |    440 |    735 |   5940 |  15 |  667.3 |
       Dungeon |   9141 |   8701 |    440 |    635 |   5425 |  11 |  831.0 |
         Abyss |     45 |     45 |      0 |      0 |     26 |   3 |   15.0 |
         Sewer |    822 |    822 |      0 |    100 |    488 |   1 |  822.0 |
               +--------+--------+--------+--------+--------+-----+--------+

Top non-repeatable levels by time:
    D:10: 1430 daAuts
     D:6: 1096 daAuts
     D:7: 1031 daAuts
     D:2: 926 daAuts
     D:5: 880 daAuts
   Sewer: 822 daAuts
     D:9: 812 daAuts
     D:1: 724 daAuts
     D:4: 639 daAuts
     D:8: 624 daAuts
     D:3: 585 daAuts
    D:11: 391 daAuts
 Abyss:1: 35 daAuts
 Abyss:2: 8 daAuts
 Abyss:3: 1 daAuts
